MWL (24 & UNDER)
PLUMSTEAD EAGLES @ MINNESOTA DEATH STARS
04/08/2026
 
TOP OF THE 1ST
Plumstead Eagles batting - Pitching for Minnesota Death Stars : RHP Jeremias Pereirinha
Pitching: RHP Jeremias Pereirinha
Batting: RHB Carlos Palomón 0-0: Ball
1-0: Foul Ball, location: 2F
1-1: Ground out 6-3 (Groundball, 6M)
Batting: RHB Kolomon Meise 0-0: Swinging Strike
0-1: Foul Ball, location: 2F
0-2: Ball
1-2: Strikes out swinging
Batting: RHB J.J. Leslie 0-0: Ball
1-0: Swinging Strike
1-1: Ball
2-1: Ground out 1-3 (Groundball, 25)
Top of the 1st over - 0 run(s), 0 hit(s), 0 error(s), 0 left on base; Plumstead 0 - Minnesota 0
BOTTOM OF THE 1ST
Minnesota Death Stars batting - Pitching for Plumstead Eagles : RHP Lane Lund
Pitching: RHP Lane Lund
Batting: RHB Pat Bray 0-0: Ball
1-0: Swinging Strike
1-1: Ground out 5-3 (Groundball, 6)
Batting: RHB Jorge Castillo 0-0: Ball
1-0: Foul Ball, location: 2F
1-1: Foul Ball, location: 2F
1-2: Foul Ball, location: 2F
1-2: Ball
2-2: Fly out, F9 (Flyball, 9LMF)
Batting: RHB Vincent Braun 0-0: Swinging Strike
0-1: Swinging Strike
0-2: Ball
1-2: Fly out, F7 (Flyball, 78M)
Bottom of the 1st over - 0 run(s), 0 hit(s), 0 error(s), 0 left on base; Plumstead 0 - Minnesota 0
TOP OF THE 2ND
Plumstead Eagles batting - Pitching for Minnesota Death Stars : RHP Jeremias Pereirinha
Batting: RHB Juan Caceres 0-0: Called Strike
0-1: Foul Ball, location: 2F
0-2: Ground out 6-3 (Groundball, 6)
Batting: RHB Ethan Moore 0-0: Called Strike
0-1: Ball
1-1: Ball
2-1: Called Strike
2-2: Strikes out swinging
Batting: LHB Víctor Peña 0-0: Swinging Strike
0-1: Called Strike
0-2: Ball
1-2: Foul Ball, location: 2F
1-2: Ball
2-2: Foul Ball, location: 2F
2-2: Fly out, F4 (Popup, 34)
Top of the 2nd over - 0 run(s), 0 hit(s), 0 error(s), 0 left on base; Plumstead 0 - Minnesota 0
BOTTOM OF THE 2ND
Minnesota Death Stars batting - Pitching for Plumstead Eagles : RHP Lane Lund
Batting: RHB Alfredo Villegas 0-0: Foul Ball, location: 2F
0-1: Foul Ball, location: 2F
0-2: Ball
1-2: Foul Ball, location: 2F
1-2: Fly out, F8 (Flyball, 8LM)
Batting: LHB Guy Moss 0-0: Swinging Strike
0-1: SINGLE (Line Drive, 7LS)
Batting: RHB Sean King 0-0: Foul Ball, location: 2F
0-1: SINGLE (Line Drive, 56)
Guy Moss to second
Batting: SHB Manuel Jiménez 0-0: Foul Ball, location: 2F
0-1: Ball
1-1: Called Strike
Guy Moss steals 3rd base
Sean King to second
1-2: Ground out 5-3 (Groundball, 15S)
Guy Moss scores
Sean King to third
Batting: RHB Abraham Hardy 0-0: Ball
1-0: Ball
2-0: Ground out 4-3 (Groundball, 4)
Bottom of the 2nd over - 1 run(s), 2 hit(s), 0 error(s), 1 left on base; Plumstead 0 - Minnesota 1
TOP OF THE 3RD
Plumstead Eagles batting - Pitching for Minnesota Death Stars : RHP Jeremias Pereirinha
Batting: RHB José Moreno 0-0: Called Strike
0-1: Ball
1-1: Foul Ball, location: 2F
1-2: Strikes out swinging
Batting: RHB Howard Johnson 0-0: Ball
1-0: SINGLE (Groundball, 56D)
Batting: LHB Dennis McConnell 0-0: Ball
1-0: Ball
2-0: Called Strike
2-1: Called Strike
Pickoff Throw to First - Error! E1
Howard Johnson to second
2-2: Ball
3-2: Strikes out looking
Batting: RHB Carlos Palomón 0-0: Fly out, F7 (Line Drive, 7M)
Top of the 3rd over - 0 run(s), 1 hit(s), 1 error(s), 1 left on base; Plumstead 0 - Minnesota 1
BOTTOM OF THE 3RD
Minnesota Death Stars batting - Pitching for Plumstead Eagles : RHP Lane Lund
Batting: RHB Vaughan Tillman 0-0: Called Strike
0-1: Ball
1-1: Ball
2-1: Called Strike
2-2: Strikes out swinging
Batting: RHB Pat Bray 0-0: Ball
1-0: Ball
2-0: Ball
3-0: Called Strike
3-1: SINGLE (Groundball, 56D) (infield hit)
Batting: RHB Jorge Castillo 0-0: Ball
1-0: Called Strike
1-1: SINGLE (Line Drive, 56D)
Pat Bray to second
Batting: RHB Vincent Braun 0-0: Ball
Pat Bray is caught stealing 3rd base
Jorge Castillo to second
1-0: Fly out, F9 (Flyball, 9M)
Bottom of the 3rd over - 0 run(s), 2 hit(s), 0 error(s), 1 left on base; Plumstead 0 - Minnesota 1
TOP OF THE 4TH
Plumstead Eagles batting - Pitching for Minnesota Death Stars : RHP Jeremias Pereirinha
Batting: RHB Kolomon Meise 0-0: Ball
1-0: Ball
2-0: Ball
3-0: Base on Balls
Batting: RHB J.J. Leslie 0-0: Called Strike
0-1: Foul Ball, location: 2F
0-2: Ball
1-2: Ball
2-2: Strikes out swinging
Batting: RHB Juan Caceres 0-0: DOUBLE (Line Drive, 8RD)
Kolomon Meise to third
Batting: RHB Ethan Moore 0-0: Ball
1-0: Ball
2-0: Called Strike
2-1: Ball
3-1: Foul Ball, location: 2F
3-2: Strikes out looking
Batting: LHB Víctor Peña 0-0: SINGLE (Line Drive, 8RS)
Kolomon Meise scores
Juan Caceres to third
Batting: RHB José Moreno 0-0: Swinging Strike
0-1: Called Strike
0-2: Strikes out looking
Top of the 4th over - 1 run(s), 2 hit(s), 0 error(s), 2 left on base; Plumstead 1 - Minnesota 1
BOTTOM OF THE 4TH
Minnesota Death Stars batting - Pitching for Plumstead Eagles : RHP Lane Lund
Batting: RHB Alfredo Villegas 0-0: Called Strike
0-1: Swinging Strike
0-2: Strikes out looking
Batting: LHB Guy Moss 0-0: Ball
1-0: Swinging Strike
1-1: Swinging Strike
1-2: Ball
2-2: Strikes out looking
Batting: RHB Sean King 0-0: Called Strike
0-1: Fly out, F8 (Flyball, 8RM)
Bottom of the 4th over - 0 run(s), 0 hit(s), 0 error(s), 0 left on base; Plumstead 1 - Minnesota 1
TOP OF THE 5TH
Plumstead Eagles batting - Pitching for Minnesota Death Stars : RHP Jeremias Pereirinha
Batting: RHB Howard Johnson 0-0: Foul Ball, location: 2F
0-1: Swinging Strike
0-2: Ball
1-2: Strikes out swinging
Batting: LHB Dennis McConnell 0-0: Ball
1-0: Called Strike
1-1: Ground out 5-3 (Groundball, 15S)
Batting: RHB Carlos Palomón 0-0: Ball
1-0: Foul Ball, location: 2F
1-1: SINGLE (Line Drive, 34D)
Batting: RHB Kolomon Meise 0-0: Ball
1-0: Called Strike
Carlos Palomón steals 2nd base
1-1: Foul Ball, location: 2F
1-2: Strikes out looking
Top of the 5th over - 0 run(s), 1 hit(s), 0 error(s), 1 left on base; Plumstead 1 - Minnesota 1
BOTTOM OF THE 5TH
Minnesota Death Stars batting - Pitching for Plumstead Eagles : RHP Lane Lund
Batting: SHB Manuel Jiménez 0-0: Ball
1-0: Foul Ball, location: 2F
1-1: Ball
2-1: Ball
3-1: Swinging Strike
3-2: Strikes out swinging
Batting: RHB Abraham Hardy 0-0: Called Strike
0-1: Ball
1-1: Swinging Strike
1-2: Ground out 6-3 (Groundball, 6)
Batting: RHB Vaughan Tillman 0-0: Ball
1-0: Ground out 6-3 (Groundball, 6M)
Bottom of the 5th over - 0 run(s), 0 hit(s), 0 error(s), 0 left on base; Plumstead 1 - Minnesota 1
TOP OF THE 6TH
Plumstead Eagles batting - Pitching for Minnesota Death Stars : RHP Jeremias Pereirinha
Batting: RHB J.J. Leslie 0-0: Fly out, F9 (Flyball, 9LS)
Batting: RHB Juan Caceres 0-0: Ball
1-0: Ball
2-0: Ground out 4-3 (Groundball, 4)
Batting: RHB Ethan Moore 0-0: Called Strike
0-1: Ground out 4-3 (Groundball, 4)
Top of the 6th over - 0 run(s), 0 hit(s), 0 error(s), 0 left on base; Plumstead 1 - Minnesota 1
BOTTOM OF THE 6TH
Minnesota Death Stars batting - Pitching for Plumstead Eagles : RHP Lane Lund
Batting: RHB Pat Bray 0-0: Ground out 4-3 (Groundball, 34)
Batting: RHB Jorge Castillo 0-0: Ball
1-0: Called Strike
1-1: SINGLE (Line Drive, 56D)
Batting: RHB Vincent Braun 0-0: Ball
1-0: Ball
2-0: Swinging Strike
2-1: Swinging Strike
2-2: Strikes out swinging
Batting: RHB Alfredo Villegas 0-0: Fielders Choice at 2nd, 6-4 (Groundball, 6)
Bottom of the 6th over - 0 run(s), 1 hit(s), 0 error(s), 0 left on base; Plumstead 1 - Minnesota 1
TOP OF THE 7TH
Plumstead Eagles batting - Pitching for Minnesota Death Stars : RHP Jeremias Pereirinha
Batting: LHB Víctor Peña 0-0: Ground out 4-3 (Groundball, 34)
Batting: RHB José Moreno 0-0: Ground out 6-3 (Groundball, 6)
Pinch Hitting: LHB Jeff West 0-0: Called Strike
0-1: Ball
1-1: DOUBLE (Line Drive, 3D)
Batting: LHB Dennis McConnell 0-0: Ball
1-0: Ground out U3 (Groundball, 3L)
Top of the 7th over - 0 run(s), 1 hit(s), 0 error(s), 1 left on base; Plumstead 1 - Minnesota 1
BOTTOM OF THE 7TH
Minnesota Death Stars batting - Pitching for Plumstead Eagles : RHP Lane Lund
Now in LF: Jeff West
Batting: LHB Guy Moss 0-0: Called Strike
0-1: Called Strike
0-2: Strikes out swinging
Pinch Hitting: RHB Gabriel Ángel 0-0: Ball
1-0: Swinging Strike
1-1: Swinging Strike
1-2: Fly out, F8 (Flyball, 89M)
Pinch Hitting: RHB Donato Gozende 0-0: Called Strike
0-1: Ball
1-1: Ground out 1-3 (Groundball, 15S)
Bottom of the 7th over - 0 run(s), 0 hit(s), 0 error(s), 0 left on base; Plumstead 1 - Minnesota 1
TOP OF THE 8TH
Plumstead Eagles batting - Pitching for Minnesota Death Stars : RHP Jeremias Pereirinha
Pitching: RHP Gilbert Bright
Now in LF: Donato Gozende
Now in RF: Gilberto Tovar
Batting: RHB Carlos Palomón 0-0: Called Strike
0-1: Called Strike
0-2: DOUBLE (Flyball, 9LM)
Batting: RHB Kolomon Meise 0-0: Ball
1-0: Ground out 6-3 (Groundball, 6)
Batting: RHB J.J. Leslie 0-0: Intentional Walk
Batting: RHB Juan Caceres 0-0: Ball
Wild Pitch!
Carlos Palomón to third
J.J. Leslie to second
1-0: Swinging Strike
1-1: Fly out, F8 (Flyball, 8LD)
Runner from 3rd tags up, SCORES, no throw
Batting: RHB Ethan Moore 0-0: Ball
1-0: Fly out, F9 (Flyball, 9S)
Top of the 8th over - 1 run(s), 1 hit(s), 0 error(s), 1 left on base; Plumstead 2 - Minnesota 1
BOTTOM OF THE 8TH
Minnesota Death Stars batting - Pitching for Plumstead Eagles : RHP Lane Lund
Pitching: RHP Manny Ramos
Batting: RHB Abraham Hardy 0-0: Ground out 5-3 (Groundball, 56)
Pitching: LHP Stu McGuire
Batting: RHB Vaughan Tillman 0-0: Reached on error, E6 (Groundball, 6M)
Pitching: RHP Chris Jennings
Pinch Runner at 1st Tony Estrada:
Batting: RHB Pat Bray 0-0: Foul Ball, location: 2F
0-1: Ball
1-1: SINGLE (Groundball, 34S)
Tony Estrada to second
Runner from 2nd tries for 3rd, SAFE, throw made to third
Pat Bray to second
Batting: RHB Jorge Castillo 0-0: Foul Ball, location: 2F
0-1: Ball
1-1: Ball
2-1: Foul Ball, location: 2F
2-2: Ball
3-2: Strikes out looking
Batting: RHB Vincent Braun 0-0: Ball
Wild Pitch!
Tony Estrada scores
Pat Bray to third
1-0: Called Strike
1-1: Foul Ball, location: 2F
1-2: Strikes out swinging
Bottom of the 8th over - 1 run(s), 1 hit(s), 1 error(s), 1 left on base; Plumstead 2 - Minnesota 2
TOP OF THE 9TH
Plumstead Eagles batting - Pitching for Minnesota Death Stars : RHP Gilbert Bright
Pitching: RHP Dylan Versluis
Pinch Hitting: LHB António Salazar 0-0: Ball
1-0: Ball
2-0: Ground out 1-3 (Groundball, 13S)
Batting: RHB José Moreno 0-0: Swinging Strike
0-1: Ball
1-1: Called Strike
1-2: Strikes out swinging
Batting: LHB Jeff West 0-0: Swinging Strike
0-1: Foul Ball, location: 2F
0-2: Strikes out swinging
Top of the 9th over - 0 run(s), 0 hit(s), 0 error(s), 0 left on base; Plumstead 2 - Minnesota 2
BOTTOM OF THE 9TH
Minnesota Death Stars batting - Pitching for Plumstead Eagles : RHP Chris Jennings
Pitching: RHP Keith Fitzgerald
Now in CF: António Salazar
Pinch Hitting: LHB Rob Davidson 0-0: Ball
1-0: Called Strike
1-1: Ball
2-1: Ball
3-1: Base on Balls
Batting: LHB Guy Moss 0-0: SINGLE (Groundball, 56D) (infield hit)
Rob Davidson to second
Pinch Hitting: RHB Júlio López 0-0: Ball
1-0: Ball
2-0: Called Strike
2-1: Ground out 5-3 (Groundball, 5)
Rob Davidson to third
Guy Moss to second
Batting: RHB Donato Gozende 0-0: Intentional Walk
Batting: RHB Abraham Hardy 0-0: Swinging Strike
0-1: Foul Ball, location: 2F
0-2: Ball
Wild Pitch!
Rob Davidson scores
Monday, December 5th, 2016 - OOTP Baseball 17.12 Build 75